 Dungeon Crawl Stone Soup version 0.18.1-48-g4cf74bf (webtiles) character file.

549 theElss the Conjurer (level 7, -1/41 HPs)
             Began as a High Elf Conjurer on Aug 7, 2016.
             Shot with an arrow by a centaur (14 damage)
             ... on level 4 of the Dungeon on Aug 11, 2016.
             The game lasted 00:21:24 (5667 turns).

theElss the Conjurer (High Elf Conjurer)            Turns: 5667, Time: 00:21:24

Health: -1/41      AC:  2    Str: 13    XL:     7   Next: 7%
Magic:  9/12       EV: 11    Int: 19    God:
Gold:   258        SH: 12    Dex: 16    Spells: 3 memorised, 5 levels left

rFire  . . .     SeeInvis .     g - +0 flail
rCold  + . .     Gourm    .     a - +0 robe
rNeg   . . .     Faith    .     l - +0 shield
rPois  .         Spirit   .     (no helmet)
rElec  .         Dismiss  .     (no cloak)
rCorr  .         Reflect  +     (no gloves)
SustAt .         Harm     .     (no boots)
MR     .....                    u - +2 amulet of reflection
Stlth  ++........               z - +4 ring of strength
                                r - ring of protection from cold

@: very slightly contaminated, not resistant to hostile enchantments, unstealthy
A: no striking features
a: no special abilities


You were on level 4 of the Dungeon.
You were not hungry.

You visited 1 branch of the dungeon, and saw 4 of its levels.

You collected 258 gold pieces.

Inventory:

Hand Weapons
 g - a +0 flail (weapon)
Armour
 a - a +0 robe (worn)
 l - a +0 shield (worn)
Jewellery
 r - a ring of protection from cold (left hand)
 u - a +2 amulet of reflection (around neck)
 v - an uncursed ring of sustain attributes
 z - a +4 ring of strength (right hand)
Scrolls
 e - a scroll of recharging
 i - a scroll of amnesia
 k - 3 scrolls of enchant armour
 n - a scroll of immolation {unknown}
 p - 3 scrolls of enchant weapon
 t - a scroll of teleportation {unknown}
 x - a scroll of magic mapping {unknown}
 y - 2 scrolls of remove curse {unknown}
Potions
 d - 2 potions of brilliance
 j - 2 potions of agility
 m - 2 potions of haste
 o - 3 potions of curing
 s - a potion of cure mutation
Books
 b - a book of Conjurations

   Spells                             Type                      Level
   a - Magic Dart                     Conjuration                  1
   b - Searing Ray                    Conjuration                  2
   c - Dazzling Spray                 Conjuration/Hexes            3
   d - Fulminant Prism                Conjuration/Hexes            4
   e - Iskenderun's Mystic Blast      Conjuration                  4
   f - Iskenderun's Battlesphere      Conjuration/Charms           5
Comestibles
 c - 4 bread rations
 f - 2 fruits
 h - 2 meat rations
 q - a royal jelly
 w - a chunk of flesh


   Skills:
 + Level 0.1 Maces & Flails
 - Level 2.2 Dodging
 - Level 2.1 Stealth
 + Level 5.5 Shields
 - Level 3.0 Spellcasting
 - Level 5.9 Conjurations


You had 5 spell levels left.
You knew the following spells:

 Your Spells              Type           Power        Failure   Level  Hunger
a - Magic Dart            Conj           ####         6%          1    None
c - Searing Ray           Conj           ####..       10%         2    ##.....
d - Iskenderun's Mystic   Conj           ####....     47%         4    ####...


Dungeon Overview and Level Annotations

Branches:
Dungeon (4/15)
 Temple: D:4-7

Altars:
Fedhas
Pakellas
Qazlal
Yredelemnul
The Shining One

Shops:
D:4 %

Annotations:
D:4 Sigmund


Message History

You see here an arrow.
The centaur shoots an arrow.
The arrow hits you!
You see here an arrow.
Take off which item? (? for menu, Esc to quit)
Keep disrobing? [Y]es or [N]o only, please.
Keep disrobing? [Y]es or [N]o only, please.
Keep disrobing? [Y]es or [N]o only, please.
Keep disrobing? [Y]es or [N]o only, please.
Keep disrobing? [Y]es or [N]o only, please.
Keep disrobing? [Y]es or [N]o only, please.
Keep disrobing?
You stop removing your armour.
The centaur shoots an arrow.
The arrow hits you!
You die...

#....# #..#>....... #>......@#
##.#.......< ##....#####
#.##.c..### ##.....# #.##.##.#
...#.### #....##c### ..#..#
#.#####....
#....################## ####.
###.)))..........(..c# . .#####.
................@###.............
......##########(†....(....#####.
......# #########. #. ......# ##
......# ......# ......# ......#
......#


You could see a centaur.

Vanquished Creatures
  2 scorpions (D:4)
  2 centaur skeletons (D:4)
  2 giant frog skeletons (D:4)
  An iguana (D:3)
  A worker ant (D:4)
  Natasha (twice) (D:4)
  An orc wizard (D:3)
  Robin (D:4)
  7 adders
  4 gnolls (D:3)
  An ooze (D:2)
  A worm (D:2)
  2 dart slugs
  2 giant geckos
  7 orcs
  9 bats
  7 giant cockroaches
  13 goblins
  11 hobgoblins
  3 kobolds
  3 quokkas
  A ball python (D:4)
  A giant gecko skeleton (D:4)
  7 giant newts
  7 rats
98 creatures vanquished.

Vanquished Creatures (others)
  A quokka skeleton (D:4)
1 creature vanquished.

Grand Total: 99 creatures vanquished

Notes
Turn   | Place    | Note
--------------------------------------------------------------
     0 | D:1      | theElss the High Elf Conjurer began the quest for the Orb.
     0 | D:1      | Reached XP level 1. HP: 11/11 MP: 4/4
   338 | D:1      | Reached XP level 2. HP: 11/17 MP: 0/6
   512 | D:1      | Reached skill level 5 in Conjurations
  1000 | D:2      | Reached XP level 3. HP: 21/21 MP: 3/7
  1087 | D:2      | Learned a level 2 spell: Searing Ray
  1215 | D:2      | Found a blossoming altar of Fedhas.
  1391 | D:2      | Found a stormy altar of Qazlal.
  1922 | D:2      | Reached XP level 4. HP: 27/27 MP: 7/9
  2390 | D:3      | Learned a level 4 spell: Iskenderun's Mystic Blast
  2425 | D:3      | Reached skill level 1 in Shields
  2718 | D:3      | Reached XP level 5. HP: 23/31 MP: 5/10
  3128 | D:3      | Found an oddly glowing altar of Pakellas.
  3980 | D:3      | Reached XP level 6. HP: 36/36 MP: 3/11
  4065 | D:4      | Found Zoxtidgh's Food Boutique.
  4287 | D:4      | Noticed Sigmund
  4837 | D:4      | Noticed Natasha
  4842 | D:4      | Killed Natasha
  4925 | D:4      | Found a basalt altar of Yredelemnul.
  4928 | D:4      | Noticed a profane servitor
  4937 | D:4      | Found a glowing golden altar of the Shining One.
  4939 | D:4      | Noticed an angel
  4977 | D:4      | Noticed Robin
  5016 | D:4      | Killed Robin
  5016 | D:4      | Reached skill level 5 in Shields
  5105 | D:4      | Noticed Natasha
  5341 | D:4      | Killed Natasha
  5619 | D:4      | Reached XP level 7. HP: 41/41 MP: 4/12
  5667 | D:4      | Shot with an arrow by a centaur

Skill      XL: |  1  2  3  4  5  6 |
---------------+-------------------+-----
Conjurations   | 5 |  5.9
Spellcasting   | 3 |  3.0
Shields        | 2 3 5 |  5.5
Maces & Flails | |  0.1
Dodging        | |  2.2
Stealth        | |  2.1

Action                   |  1- 3 |  4- 6 |  7- 9 || total
-------------------------+-------+-------+-------++-------
Melee: Flail             |       |     7 |       ||     7
 Cast: Magic Dart        |    62 |   106 |       ||   168
       Searing Ray       |     4 |    26 |       ||    30
  Use: Potion            |     2 |       |       ||     2
       Scroll            |       |     8 |       ||     8
  Eat: Chunk             |     3 |    11 |       ||    14
       Fruit             |       |     2 |       ||     2
Armor: Robe              |     5 |     6 |       ||    11
Dodge: Dodged            |     6 |    13 |       ||    19
Block: Shield            |     3 |    31 |     1 ||    35
       Reflection        |       |     2 |     1 ||     3
